 Dungeon Crawl Stone Soup version 0.24.0-123-gd5b16e6ec5 (webtiles) character file.

Game seed: 1928635992387709556, levelgen mode: deterministic

72 Kohma the Sneak (level 4, -2/33 HPs)
             Began as a Vampire Assassin on Feb 3, 2020.
             Slain by a gnoll
             ... wielding a +0 club
              (8 damage)
             ... on level 1 of the Dungeon.
             The game lasted 00:06:37 (911 turns).

Kohma the Sneak (Vampire Assassin)                   Turns: 911, Time: 00:06:37

Health: -2/33      AC:  4    Str: 11    XL:     4   Next: 7%
Magic:  4/4        EV: 12    Int: 13    God:
Gold:   30         SH:  0    Dex: 15    Spells: 3/3 levels left

rFire    . . .     SeeInvis +   a - +2 dagger
rCold    . . .     Gourm    .   (no shield)
rNeg     . . .     Faith    .   b - +0 robe
rPois    .         Spirit   .   (no helmet)
rElec    .         Reflect  .   c - +0 cloak
rCorr    .         Harm     .   p - +0 pair of gloves
MR       .....                  (no boots)
Stlth    ++++......             (no amulet)
HPRegen  0.31/turn              (no ring)
MPRegen  0.09/turn              (no ring)

@: regenerating quickly
A: no food, fangs 3, see invisible, unbreathing
a: Exsanguinate


You were on level 1 of the Dungeon.
You were alive.

You visited 1 branch of the dungeon, and saw 2 of its levels.

You collected 30 gold pieces.

Inventory:

Hand Weapons
 a - a +2 dagger (weapon)
 m - a +0 hunting sling
 q - a +1 short sword of draining
Missiles
 d - 8 poisoned darts (quivered)
 e - 2 curare-tipped darts
 f - 43 stones
 j - 2 throwing nets
Armour
 b - a +0 robe (worn)
 c - a +0 cloak (worn)
 k - a +0 ring mail
 p - a +0 pair of gloves (worn)
Jewellery
 l - an uncursed ring of flight {unknown}
 n - a +4 ring of protection {unknown}
Scrolls
 g - 3 scrolls of identify {unknown}
 i - a scroll of amnesia {unknown}
 r - a scroll of teleportation {unknown}
 s - a scroll of remove curse {unknown}
 u - a scroll of fog {unknown}
Potions
 h - 2 potions of ambrosia {unknown}
 o - a potion of berserk rage {unknown}
 t - 2 potions of curing {unknown}


   Skills:
 - Level 1.7 Fighting
 + Level 3.2 Short Blades
 - Level 1.5 Throwing
 + Level 1.8 Dodging
 + Level 7.4 Stealth


You had 3 spell levels left.
You didn't know any spells.
Your spell library was empty.

Dungeon Overview and Level Annotations

Branches:
Dungeon (2/15)

Altars:
Trog


Innate Abilities, Weirdness & Mutations

You do not eat.
Your natural rate of healing is unusually fast.
You have razor-sharp teeth.
You have supernaturally acute eyesight. (SInv)
You can survive without breathing.


Message History

The gnoll hits you with a +0 club.
You barely miss the gnoll.
The gnoll is severely wounded.
The gnoll hits you with a +0 club.
You hit the gnoll.
The gnoll is almost dead.
The gnoll hits you but does no damage.
You closely miss the gnoll.
The gnoll is almost dead.
You closely miss the gnoll.
The gnoll is almost dead.
The gnoll hits you with a +0 club!
* * * LOW HITPOINT WARNING * * *
You hit the gnoll but do no damage.
The gnoll is almost dead.
The gnoll closely misses you.
You hit the gnoll but do no damage.
The gnoll is almost dead.
The gnoll hits you with a +0 club!
You die...

## #. #. ####. #)...
###### ####.
#.@..####### #.
#.g#.......# ####.
###....#####.# #....
#........# #%# #.##.
#........###.####.##.
#.............)......
#........###.##...###
#........# #....#.#
#.....)..########.###


You could see a gnoll.

Vanquished Creatures
  Natasha (D:2)
  An ooze (D:2)
  A worm (D:2)
  A dart slug (D:1)
  A leopard gecko (D:1)
  A ball python (D:2)
  4 bats
  2 giant cockroaches (D:2)
  2 goblins (D:1)
  6 hobgoblins
  8 kobolds
  3 frilled lizards (D:1)
  3 rats (D:1)
34 creatures vanquished.

Notes
Turn   | Place    | Note
-------+----------+-------------------------------------------
     0 | D:1      | Kohma the Vampire Assassin began the quest for the Orb.
     0 | D:1      | Reached XP level 1. HP: 16/16 MP: 1/1
    53 | D:1      | Reached skill level 6 in Stealth
   186 | D:1      | Reached XP level 2. HP: 22/22 MP: 2/2
   461 | D:1      | Reached skill level 7 in Stealth
   562 | D:1      | Reached XP level 3. HP: 23/27 MP: 3/3
   700 | D:2      | Found a bloodstained altar of Trog.
   853 | D:2      | Noticed Natasha
   860 | D:2      | Killed Natasha
   860 | D:2      | Reached XP level 4. HP: 33/33 MP: 4/4
   911 | D:1      | Slain by a gnoll

Levels and vault maps discovered:
D:1:      dpeg_arrival_three_same_balls, layout_basic, minmay_curled_crystal
D:2:      layout_basic, nicolae_overflow_crystal_walls, first_ration,
          bloody_trog, uniq_natasha

Skill      XL: |  1  2  3 |
---------------+----------+-----
Stealth        | 6 7 |  7.4
Short Blades   | 3 |  3.2
Fighting       | |  1.7
Throwing       | |  1.5
Dodging        | |  1.8

Action                   |  1- 3 |  4- 6 || total
-------------------------+-------+-------++-------
Melee: Dagger            |   100 |    14 ||   114
       Bite              |     7 |       ||     7
 Stab: Sleeping          |     9 |       ||     9
       Distracted        |     2 |       ||     2
Armor: Robe              |    36 |     2 ||    38
Dodge: Dodged            |    70 |     5 ||    75
